 Dungeon Crawl Stone Soup version 0.24.0-123-gd5b16e6ec5 (webtiles) character file.

Game seed: 7899246458600684014, levelgen mode: deterministic

72 Bluestream the Skirmisher (level 4, -1/42 HPs)
             Began as a Hill Orc Fighter on Feb 4, 2020.
             Slain by a two-headed ogre
             ... wielding a +0 giant club
              (10 damage)
             ... on level 2 of the Dungeon.
             The game lasted 00:02:14 (1738 turns).

Bluestream the Skirmisher (Hill Orc Fighter)        Turns: 1738, Time: 00:02:15

Health: -1/42      AC:  8    Str: 19    XL:     4   Next: 25%
Magic:  4/4        EV:  7    Int:  8    God:
Gold:   132        SH:  9    Dex: 10    Spells: 3/3 levels left

rFire    + . .     SeeInvis .   a - +0 war axe
rCold    . . .     Gourm    .   c - +0 shield
rNeg     . . .     Faith    .   b - +0 scale mail
rPois    .         Spirit   .   (no helmet)
rElec    .         Reflect  .   (no cloak)
rCorr    .         Harm     .   (no gloves)
MR       .....                  o - +0 pair of boots
Stlth    ..........             (no amulet)
HPRegen  0.14/turn              g - ring of flight
MPRegen  0.09/turn              l - ring of protection from fire

@: no status effects
A: no striking features
a: Evoke Flight


You were on level 2 of the Dungeon.
You were very hungry.

You visited 1 branch of the dungeon, and saw 3 of its levels.

You collected 132 gold pieces.

Inventory:

Hand Weapons
 a - a +0 war axe (weapon)
Armour
 b - a +0 scale mail (worn)
 c - a +0 shield (worn)
 o - a +0 pair of boots (worn)
Jewellery
 g - a ring of flight (left hand)
 l - a ring of protection from fire (right hand)
Scrolls
 h - 2 scrolls of teleportation {unknown}
 i - 2 scrolls of remove curse {unknown}
 j - a scroll of identify {unknown}
 k - a scroll of blinking {unknown}
 n - 2 scrolls of immolation {unknown}
Potions
 d - a potion of might
 e - a potion of magic {unknown}
 m - a potion of ambrosia {unknown}
Comestibles
 f - 3 rations


   Skills:
 + Level 5.0 Fighting
 + Level 4.5 Axes
 - Level 3.2 Armour
 - Level 3.2 Shields


You had 3 spell levels left.
You didn't know any spells.
Your spell library was empty.

Dungeon Overview and Level Annotations

Branches:
Dungeon (3/15)

Altars:


Message History

You are feeling hungry.
You start resting.
HP restored.
You climb downwards.
A jackal comes into view.
You block the two-headed ogre's attack. The two-headed ogre barely misses you.
There is a stone staircase leading up here.
You closely miss the two-headed ogre.
The two-headed ogre hits you with a +0 giant club!!
The two-headed ogre hits you but does no damage.
You can't go down here!
The two-headed ogre hits you with a +0 giant club!
You block the two-headed ogre's attack.
You climb upwards.
There is a stone staircase leading down here.
You are feeling very hungry.
The two-headed ogre hits you with a +0 giant club!
* * * LOW HITPOINT WARNING * * *
The two-headed ogre hits you with a +0 giant club!
You die...

.# ##...#)≈≈≈≈...≈≈≈......##...
.# ###.#.≈≈≈≈≈≈≈≈≈≈........... .#
#...≈≈≈≈≈≈≈≈≈≈.......#...
.##########..≈≈≈≈≈≈≈≈≈.......##..
.......#...≈.≈≈..≈.≈≈≈≈.....###..
##.........≈.......≈.≈...........
##.##.......>..............###>.
#.###........O.<...........##..
###...#.........@............##..
...##.......................[...#
..............................###
.####........................####
.# ####...........#.............
.## ###.......................
..## #...................####
#..# #...................# ##.##
#........<..........#


You could see a two-headed ogre.

Vanquished Creatures
  2 adders (D:2)
  A worm (D:2)
  3 dart slugs
  A leopard gecko (D:2)
  4 giant cockroaches
  4 goblins
  6 hobgoblins
  3 jackals (D:1)
  5 kobolds
  A ball python (D:1)
  6 bats (D:1)
  3 frilled lizards
  3 rats
42 creatures vanquished.

Notes
Turn   | Place    | Note
-------+----------+-------------------------------------------
     0 | D:1      | Bluestream the Hill Orc Fighter began the quest for the
                  | Orb.
     0 | D:1      | Reached XP level 1. HP: 19/19 MP: 1/1
    82 | D:1      | Reached skill level 4 in Fighting
    82 | D:1      | Reached XP level 2. HP: 23/27 MP: 2/2
   309 | D:1      | Reached XP level 3. HP: 34/34 MP: 3/3
   486 | D:1      | You fall into a shaft and drop 1 floor!
   486 | D:2      | Found a faded altar of an unknown god.
   976 | D:2      | Reached XP level 4. HP: 29/41 MP: 4/4
  1388 | D:2      | Reached skill level 5 in Fighting
  1427 | D:3      | Noticed a two-headed ogre
  1447 | D:3      | HP: 2/42 [two-headed ogre/+0 giant club (4)]
  1738 | D:2      | Slain by a two-headed ogre

Levels and vault maps discovered:
D:1:      scummos_arrival_forest, layout_basic, minmay_misc_feat_doors
D:2:      layout_rooms, first_ration, chequers_ecumenical_altar_island
D:3:      layout_rooms

Skill      XL: |  1  2  3  4 |
---------------+-------------+-----
Axes           | 3 4 |  4.5
Fighting       | 4 5 |  5.0
Armour         | |  3.2
Shields        | |  3.2

Action                   |  1- 3 |  4- 6 || total
-------------------------+-------+-------++-------
Melee: War axe           |   109 |    32 ||   141
 Abil: Evoke Flight      |     1 |       ||     1
  Eat: Chunk             |     1 |     1 ||     2
Armor: Scale mail        |    59 |    11 ||    70
Dodge: Dodged            |    28 |    12 ||    40
Block: Shield            |    63 |    19 ||    82
